 Dungeon Crawl Stone Soup version 0.21-a0-404-g291f19a (webtiles) character file.

28562 tof the Cruncher (level 13, -17/117 HPs)
             Began as a Minotaur Gladiator on Oct 26, 2017.
             Was a High Priest of Okawaru.
             Demolished by an enormous slime creature (61 damage)
             ... on level 14 of the Dungeon.
             The game lasted 00:51:40 (17533 turns).

tof the Cruncher (Minotaur Gladiator)              Turns: 17533, Time: 00:51:42

Health: -17/117    AC: 30    Str: 25    XL:     13   Next: 10%
Magic:  12/12      EV: 17    Int:  5    God:    Okawaru [*****.]
Gold:   734        SH:  0    Dex: 22    Spells: 12/12 levels left

rFire    + . .     SeeInvis +   a - +3 lajatang (protect)
rCold    x . .     Gourm    .   (shield currently unavailable)
rNeg     + + +     Faith    .   U - +2 chain mail of Emuc {Str+4}
rPois    .         Spirit   .   (helmet unavailable)
rElec    .         Reflect  .   z - +2 cloak
rCorr    .         Harm     .   y - +0 pair of gloves
MR       +....                  (no boots)
Stlth    ..........             S - amulet of Law {+Rage rC- rN+++ Dex+7 SInv}
HPRegen  0.29/turn              F - ring of protection from fire
MPRegen  0.13/turn              I - ring of stealth

@: protection aura, studying Bows
A: retaliatory headbutt, horns 3, talons 1, rugged brown scales 1, yellow scales
1, magic resistance 1, evolution 1
a: Heroism, Finesse, Renounce Religion, Evoke Berserk Rage


You were on level 14 of the Dungeon.
You worshipped Okawaru.
Okawaru was extremely pleased with you.
You were not hungry.

You visited 2 branches of the dungeon, and saw 15 of its levels.

You collected 1070 gold pieces.
You spent 336 gold pieces at shops.

Inventory:

Hand Weapons
 a - a +3 lajatang of protection (weapon)
 b - a +0 blowgun
 W - a +0 lajatang
Missiles
 d - 5 throwing nets
 o - 6 silver javelins
 r - 4 needles of frenzy
 C - 8 poisoned javelins (quivered)
 G - 2 tomahawks of dispersal
 J - 7 needles of confusion
 O - 6 needles of sleeping
 P - 19 poisoned needles
 T - 11 curare-tipped needles
 X - 4 exploding tomahawks
Armour
 y - a +0 pair of gloves (worn)
 z - a +2 cloak (worn)
 U - the +2 chain mail of Emuc (worn) {Str+4}
   (You found it on level 13 of the Dungeon)

   It affects your strength (+4).
Jewellery
 F - a ring of protection from fire (left hand)
 I - a ring of stealth (right hand)
 K - an uncursed amulet of faith
 M - an uncursed amulet of regeneration
 S - the amulet of Law (around neck) {+Rage rC- rN+++ Dex+7 SInv}
   (You found it on level 12 of the Dungeon)

   [amulet of rage]

   It affects your dexterity (+7).
   It makes you vulnerable to cold.
   It renders you almost immune to negative energy.
   It lets you see invisible.
   It lets you go berserk.
Wands
 l - a wand of lightning (5/15)
Scrolls
 e - 7 scrolls of teleportation
 h - a scroll of holy word
 i - 6 scrolls of recharging
 u - 2 scrolls of blinking
 x - 3 scrolls of enchant armour
 B - 2 scrolls of magic mapping
 Q - a scroll of summoning
 R - 2 scrolls of fear
 Z - 2 scrolls of remove curse
Potions
 g - 2 potions of lignification
 n - 2 potions of cancellation {unknown}
 p - a potion of brilliance {unknown}
 q - 2 potions of heal wounds {unknown}
 s - 6 potions of curing
 v - a potion of flight {unknown}
 w - 4 potions of haste
 A - 3 potions of degeneration {unknown}
 E - a potion of resistance {unknown}
 L - 4 potions of might {unknown}
 N - 2 potions of invisibility {unknown}
Books
 j - a book of Conjurations

   Spells                             Type                      Level
   a - Magic Dart                     Conjuration                  1
   b - Searing Ray                    Conjuration                  2
   c - Dazzling Spray                 Conjuration/Hexes            3
   d - Fulminant Prism                Conjuration/Hexes            4
   e - Force Lance                    Conjuration/Translocation    4
   f - Iskenderun's Mystic Blast      Conjuration                  4
 Y - a manual of Bows
Miscellaneous
 c - a box of beasts
 k - a sack of spiders
Comestibles
 f - 2 bread rations
 m - 8 meat rations
 t - 15 royal jellies
 D - 14 fruits


   Skills:
 + Level 10.5 Fighting
 - Level 14.0 Staves
 + Level 8.9 Throwing
 * Level 13.9 Armour
 + Level 10.1 Dodging


You had 12 spell levels left.
You didn't know any spells.

Dungeon Overview and Level Annotations

Branches:
Dungeon (14/15)            Temple (1/1) D:7            Lair (0/6) D:8
    Orc (0/2) D:11         Vaults (0/5) D:14

Altars:
Dithmenos
Elyvilon
Fedhas
Gozag
Hepliaklqana
Kikubaaqudgha
Makhleb
Okawaru
Sif Muna
Uskayaw
Xom
The Shining One

Shops:
D:7 !   D:8 (   D:9 =   D:14 *

Annotations:
D:4 tof's ghost, amateur MiGl


Innate Abilities, Weirdness & Mutations

You reflexively headbutt those who attack you in melee.
You have a pair of large horns on your head.
You have sharp toenails.
You are partially covered in rugged brown scales. (AC +1, +3% HP)
You are partially covered in yellow scales. (AC +2)
You are resistant to hostile enchantments. (MR+)
You evolve.


Message History

The enormous slime creature is heavily wounded.
The enormous slime creature completely misses you.
You furiously retaliate!
You headbutt the enormous slime creature.
You hit the enormous slime creature.
Your kick misses the enormous slime creature.
You headbutt the enormous slime creature.
The enormous slime creature is heavily wounded.
The enormous slime creature hits you!!!!
Ouch! That really hurt!
You slice the enormous slime creature!! You claw the enormous slime creature!
You headbutt the enormous slime creature!
The enormous slime creature is severely wounded.
You barely miss the enormous slime creature.
You claw the enormous slime creature!
You headbutt the enormous slime creature!!
The enormous slime creature is severely wounded.
The enormous slime creature hits you!!!
Ouch! That really hurt!
You die...

...)..## #.. ... ..#.# #.###
...##..## ###..#.#........
..##....# # #..#..>....###
..#._...# #. #( ######
..##....# .#### #. # #####
)..##..## .... .# .....
#.....## ..# .# ##(####
##รท.### #.# #J# ..# #......
#.######.# #@###.# #......
##......#.# #.....# #.#####
..#####.#.# ####...# #.# #.#
#.#.# #....### #.# #.# #.#.#
#.##.# #.# #.# #.#.# #.##.#
###.### #.#####.#.#
##.##.######.....#
#.........####.........##.###.#
.....##...................#
#.###


You could see an enormous slime creature.

Vanquished Creatures
  Azrael (D:13)
  A vault guard (D:14)
  A hydra (D:11)
  Erica (D:8)
  3 two-headed ogres (D:8)
  A centaur warrior (D:14)
  Sonja (D:13)
  Nergalle (D:12)
  3 unseen horrors
  An ugly thing (D:12)
  A wolf spider zombie (D:14)
  An orb spider (shapeshifter) (D:14)
  A cyclops (D:14)
  2 deep elf magi
  3 manticores
  Maurice (D:8)
  A gargoyle (D:11)
  3 trolls
  Prince Ribbit (D:8)
  2 hornets
  3 hippogriffs
  A slime creature (D:14)
  2 shadows
  2 wyverns
  A tarantella (shapeshifter) (D:13)
  2 wraiths
  3 fire elementals (D:12)
  19 yaks
  2 steam dragons
  A hungry ghost (D:11)
  4 vampire mosquitoes
  3 hell hounds (D:12)
  5 orc warriors
  A hornet zombie (D:6)
  3 eyes of draining
  3 ice beasts
  4 sky beasts
  2 necrophages
  5 phantoms
  8 ogres
  5 centaurs
  A crocodile (D:11)
  A big kobold (D:11)
  12 bullfrogs
  2 gnoll sergeants
  A scorpion (D:4)
  12 killer bees
  14 wights
  2 electric eels (D:11)
  5 howler monkeys
  10 crimson imps
  2 bullfrog zombies
  6 jellies
  A quasit (D:7)
  2 centaur zombies
  10 hounds
  4 centaur skeletons
  A gnoll shaman (D:8)
  Crazy Yiuf (D:2)
  8 orc priests
  10 orc wizards
  A bullfrog skeleton (D:13)
  Terence (D:3)
  9 worker ants
  An iguana (D:5)
  2 hound zombies
  A hound skeleton (D:9)
  Robin (D:2)
  27 gnolls
  14 adders
  4 shadow imps
  8 oozes
  An adder skeleton (D:4)
  3 worms
  A dart slug (D:3)
  4 leopard geckos
  38 orcs
  A giant cockroach (D:4)
  17 goblins
  14 hobgoblins
  9 jackals
  A quokka (D:10)
  3 ball pythons
  4 bats
  5 frilled lizards
  A giant cockroach zombie (D:5)
  13 kobolds
  A leopard gecko skeleton (D:8)
  8 rats
407 creatures vanquished.

Vanquished Creatures (others)
  2 orcs
  A plant (D:8)
3 creatures vanquished.

Grand Total: 410 creatures vanquished

Notes
Turn   | Place    | Note
-------+----------+-------------------------------------------
     0 | D:1      | tof the Minotaur Gladiator began the quest for the Orb.
     0 | D:1      | Reached XP level 1. HP: 18/18 MP: 0/0
    84 | D:1      | Reached XP level 2. HP: 23/25 MP: 1/1
   113 | D:1      | Reached skill level 1 in Armour
   203 | D:1      | Reached skill level 4 in Staves
   740 | D:2      | Reached XP level 3. HP: 10/30 MP: 2/2
   993 | D:2      | HP: 1/30 [gnoll/halberd (3)]
  1507 | D:2      | Reached XP level 4. HP: 37/37 MP: 3/3
  1719 | D:2      | Noticed Robin
  1738 | D:2      | Killed Robin
  1951 | D:2      | Found a runed door.
  2216 | D:2      | Noticed Crazy Yiuf
  2223 | D:2      | Killed Crazy Yiuf
  2223 | D:2      | Reached XP level 5. HP: 28/45 MP: 4/4
  2799 | D:3      | Noticed Terence
  2830 | D:3      | Reached skill level 5 in Staves
  3124 | D:3      | Killed Terence
  3468 | D:4      | Reached XP level 6. HP: 46/51 MP: 5/5
  3909 | D:4      | Noticed tof's ghost (amateur MiGl)
  3917 | D:5      | Entered Level 5 of the Dungeon
  4382 | D:5      | Found a hide-covered altar of Uskayaw.
  4501 | D:5      | Reached skill level 6 in Staves
  4501 | D:5      | Reached XP level 7. HP: 19/58 MP: 6/6
  5055 | D:5      | Reached skill level 5 in Armour
  5364 | D:6      | Reached skill level 5 in Dodging
  5511 | D:6      | Reached skill level 7 in Staves
  5536 | D:6      | Reached XP level 8. HP: 67/67 MP: 7/7
  6128 | D:7      | Reached skill level 5 in Fighting
  6226 | D:7      | Found Wacked's Distillery.
  6230 | D:7      | Bought a potion of haste for 160 gold pieces
  6230 | D:7      | Bought a potion of mutation for 128 gold pieces
  6230 | D:7      | Bought a potion of curing for 48 gold pieces
  6230 | D:7      | Gained mutation: Your system is resistant to poisons. (rPois) [potion of mutation]
  6230 | D:7      | Gained mutation: You have large cloven feet. [potion of mutation]
  6230 | D:7      | Gained mutation: You are agile. (Dex +2) [potion of mutation]
  6231 | D:7      | Lost mutation: You have large cloven feet. [potion of mutation]
  6231 | D:7      | Lost mutation: Your system is resistant to poisons. (rPois) [potion of mutation]
  6231 | D:7      | Gained mutation: You are partially covered in yellow scales. (AC +2) [potion of mutation]
  6231 | D:7      | Gained mutation: Your spells are a little harder to cast, but a little more powerful. [potion of mutation]
  6232 | D:7      | Lost mutation: You are agile. (Dex +2) [potion of mutation]
  6232 | D:7      | Lost mutation: You are partially covered in yellow scales. (AC +2) [potion of mutation]
  6232 | D:7      | Gained mutation: Your magical capacity is low. (-10% MP) [potion of mutation]
  6232 | D:7      | Gained mutation: Your magical capacity is very low. (-20% MP) [potion of mutation]
  6232 | D:7      | Lost mutation: Your magical capacity is very low. (-20% MP) [potion of mutation]
  6232 | D:7      | Gained mutation: You are agile. (Dex +2) [potion of mutation]
  6262 | D:7      | Gained mutation: You evolve. [mutagenic meat]
  6332 | D:7      | Reached skill level 8 in Staves
  6403 | D:7      | Noticed a hippogriff
  6423 | D:7      | Killed a hippogriff
  6665 | D:7      | Reached XP level 9. HP: 75/75 MP: 7/7
  6965 | D:7      | Found a staircase to the Ecumenical Temple.
  6971 | Temple   | Entered the Ecumenical Temple
  6978 | Temple   | Became a worshipper of Warmaster Okawaru
  7256 | D:8      | Noticed Erica
  7266 | D:8      | Killed Erica
  7266 | D:8      | Reached * piety under Okawaru
  7266 | D:8      | Reached skill level 9 in Staves
  7266 | D:8      | Reached skill level 5 in Throwing
  7521 | D:8      | Noticed Maurice
  7543 | D:8      | Killed Maurice
  7609 | D:8      | Noticed a two-headed ogre
  7618 | D:8      | Killed a two-headed ogre
  7618 | D:8      | Reached skill level 10 in Staves
  7618 | D:8      | Reached XP level 10. HP: 77/84 MP: 8/8
  7649 | D:8      | Noticed a two-headed ogre
  7699 | D:8      | Killed a two-headed ogre
  7699 | D:8      | Reached ** piety under Okawaru
  7724 | D:8      | Lost mutation: Your magical capacity is low. (-10% MP) [potion of mutation]
  7724 | D:8      | Lost mutation: You are agile. (Dex +2) [potion of mutation]
  7724 | D:8      | Lost mutation: Your spells are a little harder to cast, but a little more powerful. [potion of mutation]
  7724 | D:8      | Gained mutation: You are partially covered in yellow scales. (AC +2) [potion of mutation]
  7724 | D:8      | Gained mutation: You are partially covered in rugged brown scales. (AC +1, +3% HP) [potion of mutation]
  7861 | D:8      | Found a staircase to the Lair.
  7990 | D:8      | Noticed a two-headed ogre
  8265 | D:8      | Found Zasaumoe's Antique Weapon Shoppe.
  8293 | D:8      | Noticed Prince Ribbit
  8415 | D:8      | Gained mutation: You are resistant to hostile enchantments. (MR+) [evolution]
  8701 | D:8      | Reached skill level 10 in Armour
  9033 | D:8      | Reached *** piety under Okawaru
  9314 | D:8      | Killed Prince Ribbit
  9335 | D:8      | Identified a scroll of acquirement
  9336 | D:8      | Got a twisted hat
  9347 | D:8      | Identified the +1 hat "Fugruejup" {rF+ Int+3} (You acquired it on level 8 of the Dungeon)
  9348 | D:8      | Reached skill level 11 in Staves
  9860 | D:8      | Killed a two-headed ogre
  9860 | D:8      | Reached **** piety under Okawaru
  9860 | D:8      | Received a gift from Okawaru
 10213 | D:9      | Found Piacuk Ysowk's Jewellery Shop.
 10502 | D:9      | Reached XP level 11. HP: 66/96 MP: 10/10
 10754 | D:10     | Entered Level 10 of the Dungeon
 11172 | D:10     | Received a gift from Okawaru
 12650 | D:11     | Gained mutation: You have a pair of large horns on your head. [mutagenic meat]
 12651 | D:11     | Gained mutation: You have sharp toenails. [mutagenic meat]
 12744 | D:11     | Killed an unseen horror
 12744 | D:11     | Reached ***** piety under Okawaru
 12744 | D:11     | Received a gift from Okawaru
 12744 | D:11     | Reached skill level 12 in Staves
 13208 | D:11     | Noticed a five-headed hydra
 13215 | D:11     | Killed a ten-headed hydra
 13243 | D:11     | Found a staircase to the Orcish Mines.
 13862 | D:12     | Received a gift from Okawaru
 14056 | D:12     | Got a smoking silver amulet
 14182 | D:12     | Noticed a white ugly thing
 14189 | D:12     | Killed a white ugly thing
 14600 | D:12     | Reached XP level 12. HP: 107/107 MP: 11/11
 14603 | D:12     | Identified the amulet of Law {+Rage rC- rN+++ Dex+7 SInv} (You found it on level 12 of the Dungeon)
 14786 | D:12     | Noticed Nergalle
 14795 | D:12     | Killed Nergalle
 14795 | D:12     | Received a gift from Okawaru
 14929 | D:13     | Noticed Azrael
 15230 | D:12     | Reached skill level 13 in Staves
 15334 | D:13     | Killed Azrael
 15334 | D:13     | Received a gift from Okawaru
 15568 | D:13     | Noticed Sonja
 15761 | D:13     | Killed Sonja
 15761 | D:13     | Received a gift from Okawaru
 15983 | D:13     | Got an encrusted chain mail
 15995 | D:13     | Identified the +2 chain mail of Emuc {Str+4} (You found it on level 13 of the Dungeon)
 16442 | D:13     | Reached skill level 10 in Fighting
 16829 | D:14     | Found a shadowy altar of Dithmenos.
 16991 | D:14     | Received a gift from Okawaru
 17083 | D:14     | Noticed a vault guard
 17094 | D:14     | Killed a vault guard
 17106 | D:14     | Reached skill level 14 in Staves
 17215 | D:14     | Found a gate to the Vaults.
 17279 | D:14     | Noticed a centaur warrior
 17285 | D:14     | Killed a centaur warrior
 17285 | D:14     | Reached skill level 10 in Dodging
 17285 | D:14     | Reached XP level 13. HP: 105/117 MP: 12/12
 17343 | D:14     | Received a gift from Okawaru
 17456 | D:14     | Found Liulet's General Store.
 17533 | D:14     | Demolished by an enormous slime creature

Vault maps used:
D:1:      lemuel_arrival_room, hangedman_decor_points
D:2:      first_bread, uniq_robin, uniq_crazy_yiuf_cottage
D:3:      uniq_terence
D:4:      uniq_natasha
D:5:      eat_drink_and_be_merry_uskayaw
D:6:      grunt_ministairs_6
D:7:      minmay_temple_entry_fiery, serial_shops, shop, grunt_decor_fettered
D:8:      kennysheep_housing_project, lair_entry_dummy, serial_shops, shop,
          uniq_prince_ribbit1, uniq_maurice, uniq_erica
D:9:      serial_shops, nicolae_shop_temple_entry_statues_fountains
D:10:     hangedman_little_slice_of_home
D:11:     orc_0_dummy, kennysheep_crisscross
D:12:     minmay_misc_feat_nine_boxes, uniq_nergalle
D:13:     grunt_decor_cap, minmay_misc_feat_iff, uniq_sonja, uniq_azrael
D:14:     david_vaults_5, serial_shops, nicolae_shop_waterfront,
          nicolae_dithmenos_through_a_glass_darkly
Temple:   compressed_dpeg_triangle_lava_temple

Skill      XL: |  1  2  3  4  5  6  7  8  9 10 11 12 |
---------------+-------------------------------------+-----
Armour         | 1 2 3 4 5 7 9 10 12 13 | 13.9
Staves         | 4 5 6 7 8 10 11 12 14 | 14.0
Fighting       | 3 4 5 6 8 9 10 | 10.5
Dodging        | 4 5 6 7 8 10 | 10.1
Throwing       | 3 4 5 6 7 8 |  8.9

Action                   |  1- 3 |  4- 6 |  7- 9 | 10-12 | 13-15 || total
-------------------------+-------+-------+-------+-------+-------++-------
Melee: Quarterstaff      |    38 |   122 |   160 |   141 |       ||   461
       Headbutt          |     4 |    21 |    43 |   193 |     8 ||   269
       Lajatang          |       |       |       |   613 |    17 ||   630
       Staff             |       |       |       |     2 |       ||     2
       Kick              |       |       |       |   156 |    13 ||   169
 Fire: Blowgun           |       |     6 |    15 |    24 |       ||    45
Throw: Tomahawk          |       |       |       |     9 |       ||     9
       Javelin           |       |       |       |     3 |       ||     3
  Use: Scroll            |       |       |     8 |    17 |       ||    25
       Potion            |       |       |     3 |     1 |       ||     4
 Stab: Confused          |       |       |     1 |     2 |       ||     3
       Sleeping          |       |       |       |     4 |       ||     4
       Distracted        |       |       |       |     3 |       ||     3
  Eat: Chunk             |     1 |     6 |     6 |    17 |       ||    30
       Bread ration      |       |     1 |     1 |     4 |       ||     6
Armor: Leather armour    |     4 |       |       |       |       ||     4
       Ring mail         |     3 |    28 |    54 |   265 |       ||   350
       Chain mail        |       |       |       |    57 |     9 ||    66
Dodge: Dodged            |    24 |    92 |    97 |   642 |    13 ||   868

Table legend:
 A = Spawn XP
 B = Non-spawn XP
 C = Spawn XP percentage of total XP
 D = Spawn monster count
 E = Non-spawn monster count
 F = Spawn count percentage of total count
 G = Total turns spent on level
                    A         B        C        D         E        F      G
               +---------+---------+-------+---------+---------+-------+---------
         Total |       0 |   40804 |   0.0 |       0 |     408 |   0.0 | 17533
               +---------+---------+-------+---------+---------+-------+---------
           D:1 |       0 |      47 |   0.0 |       0 |      18 |   0.0 |   954
           D:2 |       0 |     150 |   0.0 |       0 |      23 |   0.0 |  1594
           D:3 |       0 |      87 |   0.0 |       0 |      24 |   0.0 |   689
           D:4 |       0 |     195 |   0.0 |       0 |      14 |   0.0 |   685
           D:5 |       0 |     537 |   0.0 |       0 |      12 |   0.0 |  1607
           D:6 |       0 |     828 |   0.0 |       0 |      12 |   0.0 |   594
           D:7 |       0 |    1244 |   0.0 |       0 |      19 |   0.0 |  1170
           D:8 |       0 |    7575 |   0.0 |       0 |      82 |   0.0 |  2875
           D:9 |       0 |     550 |   0.0 |       0 |      16 |   0.0 |   733
          D:10 |       0 |    1406 |   0.0 |       0 |      33 |   0.0 |  1110
          D:11 |       0 |    5135 |   0.0 |       0 |      53 |   0.0 |  1818
          D:12 |       0 |    6565 |   0.0 |       0 |      43 |   0.0 |  1462
          D:13 |       0 |    7326 |   0.0 |       0 |      30 |   0.0 |  1520
          D:14 |       0 |    9159 |   0.0 |       0 |      29 |   0.0 |   707
               +---------+---------+-------+---------+---------+-------+---------
